 Dungeon Crawl Stone Soup version 0.20.0-8-g6b59dc7 (webtiles) character file.

2979 mopl the Arsonist (level 9, -3/45 HPs)
             Began as a Deep Elf Fire Elementalist on May 30, 2017.
             Was a Believer of Vehumet.
             Slain by armaa's ghost (26 damage)
             ... in a bailey.
             The game lasted 00:18:29 (7958 turns).

mopl the Arsonist (Deep Elf Fire Elementalist)      Turns: 7958, Time: 00:18:29

Health: -3/45      AC:  5    Str:  5    XL:     9   Next: 53%
Magic:  7/38       EV: 13    Int: 24    God:    Vehumet [**....]
Gold:   542        SH:  0    Dex: 19    Spells: 3/24 levels left

rFire    + . .     SeeInvis .   b - staff of power {!a}
rCold    x . .     Gourm    .   (no shield)
rNeg     . . .     Faith    .   I - +0 robe
rPois    .         Spirit   .   e - +1 helmet
rElec    .         Reflect  .   (no cloak)
rCorr    .         Harm     .   i - +0 pair of gloves
MR       .....                  (no boots)
Stlth    ++........             (no amulet)
Regen    0.2/turn               z - ring of fire
MPRegen  0.3/turn               C - +4 ring of dexterity

@: hasted, very quick
A: no striking features
a: Renounce Religion


You were in a bailey.
You worshipped Vehumet.
Vehumet was pleased with you.
You were hungry.

You visited 1 branch of the dungeon, and saw 9 of its levels.
You also visited: Bailey.

You collected 542 gold pieces.

Inventory:

Hand Weapons
 a - the +6 quarterstaff of the Moth {crush, MR+ Int+4 Dex+2 SInv}
   (You found it on level 6 of the Dungeon)

   It inflicts extra damage upon your enemies.
   It affects your intelligence (+4).
   It affects your dexterity (+2).
   It affects your resistance to hostile enchantments.
   It lets you see invisible.
Missiles
 y - a throwing net (quivered)
Armour
 e - a +1 helmet (worn)
 i - a +0 pair of gloves (worn)
 I - a +0 robe (worn)
Magical Staves
 b - an uncursed staff of power (weapon) {!a}
Jewellery
 h - an uncursed ring of flight
 s - an uncursed ring of wizardry
 z - a ring of fire (left hand)
 C - a +4 ring of dexterity (right hand)
 J - an uncursed ring of positive energy
 N - an uncursed ring of ice
Wands
 t - a wand of flame (36/48)
 D - a wand of random effects (27/48)
Scrolls
 f - a scroll of fog {unknown}
 k - a scroll of blinking
 m - 4 scrolls of remove curse
 p - 2 scrolls of enchant weapon
 q - a scroll of teleportation {unknown}
 u - a scroll of enchant armour
 x - a scroll of immolation {unknown}
 E - a scroll of magic mapping
 G - a scroll of amnesia {unknown}
Potions
 d - 2 potions of invisibility
 j - 2 potions of brilliance {unknown}
 l - 2 potions of might
 n - 4 potions of curing {unknown}
 o - a potion of resistance
 v - a potion of heal wounds
 A - 2 potions of flight
 B - 3 potions of mutation {unknown}
 F - a potion of lignification {!q}
 H - a potion of agility {unknown}
 K - a potion of cancellation {unknown}
Miscellaneous
 O - a phial of floods
Comestibles
 c - 10 bread rations
 g - 10 chunks of flesh
 r - 6 meat rations
 w - 2 royal jellies
 M - 2 fruits


   Skills:
 - Level 2.4 Dodging
 - Level 2.4 Stealth
 + Level 8.4 Spellcasting
 * Level 9.1 Conjurations
 - Level 2.0 Translocations
 * Level 9.6 Fire Magic


You had 3 spell levels left.
You knew the following spells:

 Your Spells              Type           Power        Failure   Level  Hunger
a - Flame Tongue          Conj/Fire      #####        1%          1    None
c - Conjure Flame         Conj/Fire      ######..     1%          3    None
d - Sticky Flame          Conj/Fire      ######..     1%          4    ##.....
e - Blink                 Tloc           N/A          4%          2    None
f - Fireball              Conj/Fire      ######....   3%          5    ####...
h - Inner Flame           Hex/Fire       #####...     2%          3    None
m - Mephitic Cloud        Conj/Pois/Air  ###.....     5%          3    None


Dungeon Overview and Level Annotations

Branches:
Dungeon (9/15)             Temple (0/1) D:6
   Lair: D:8-11         Orc: D:9-12

Altars:
Cheibriados
Elyvilon
Hepliaklqana
Nemelex Xobeh
Vehumet

Annotations:
Bailey armaa's ghost, journeyman MiBe


Message History

Armaa's ghost is moderately damaged.
Armaa's ghost is engulfed in blazing flames.
Armaa's ghost hits you.
Unknown command.
Unknown command.
Casting: Fireball
Confirm with . or Enter, or press ? or * to list all spells.
Aiming: Fireball
Press: ? - help, Shift-Dir - straight line You feel a surge of power!
The fireball explodes!
The fireball engulfs armaa's ghost.
Armaa's ghost is severely damaged.
You are feeling hungry.
The kobold throws a tomahawk of returning.
The tomahawk of returning barely misses you.
The weapon returns to the kobold!
Armaa's ghost wails, "You will never get the ORB!"
Armaa's ghost hits you!!
Ouch! That really hurt!
You die...

♣♣♣♣♣
♣♣♣♣♣♣♣.∩.♣♣♣♣♣♣
≈≈≈≈.........≈≈≈
≈≈≈≈....∩....≈≈≈
###.........###
##.......##
##.@...##
##§W§## ....K..
..........
........K..
............
K####...####. .#
≈#####≈


You could see armaa's ghost and 3 kobolds.

Vanquished Creatures
  The ghost of MDvedh the Slicer, a novice KoHu (D:7)
  A hippogriff (D:7)
  An orc warrior (D:3)
  A sky beast (D:8)
  2 ice beasts
  5 ogres
  A phantom (D:6)
  A big kobold (D:8)
  A bullfrog (D:9)
  A wyvern zombie (D:8)
  A scorpion (D:8)
  3 killer bees (D:8)
  3 wights (D:7)
  An electric eel (D:9)
  3 howler monkeys
  4 crimson imps
  A bullfrog zombie (D:6)
  5 hounds
  4 orc priests
  A bullfrog skeleton (D:8)
  An orc wizard (D:9)
  2 worker ants
  A killer bee zombie (D:8)
  A hound zombie (D:5)
  A hound skeleton (D:8)
  A mummy (D:5)
  2 gnolls (D:9)
  8 adders
  A howler monkey skeleton (D:7)
  A shadow imp (D:5)
  3 oozes
  A worm (D:2)
  A dart slug (D:3)
  6 leopard geckos
  20 orcs
  5 giant cockroaches
  9 hobgoblins
  4 jackals (D:4)
  5 quokkas
  3 ball pythons (D:2)
  9 bats
  3 frilled lizards
  A giant cockroach zombie (D:5)
  8 goblins
  13 kobolds
  2 quokka skeletons (D:6)
  6 rats
159 creatures vanquished.

Vanquished Creatures (others)
  An adder (D:6)
1 creature vanquished.

Grand Total: 160 creatures vanquished

Notes
Turn   | Place    | Note
-------+----------+-------------------------------------------
     0 | D:1      | mopl the Deep Elf Fire Elementalist began the quest for the Orb.
     0 | D:1      | Reached XP level 1. HP: 10/10 MP: 6/6
   404 | D:1      | Reached XP level 2. HP: 12/15 MP: 8/8
   869 | D:2      | Reached skill level 2 in Conjurations
   981 | D:2      | Reached XP level 3. HP: 19/19 MP: 3/10
   986 | D:2      | Learned a level 3 spell: Conjure Flame
  1398 | D:2      | Reached skill level 4 in Fire Magic
  1578 | D:3      | Reached XP level 4. HP: 14/24 MP: 0/11
  1824 | D:3      | Reached skill level 4 in Spellcasting
  1824 | D:3      | Reached skill level 3 in Conjurations
  1914 | D:2      | Learned a level 4 spell: Sticky Flame
  2333 | D:3      | Noticed an orc warrior
  2413 | D:3      | Killed an orc warrior
  2413 | D:3      | Reached XP level 5. HP: 8/28 MP: 4/14
  2634 | D:4      | Found a radiant altar of Vehumet.
  2650 | D:4      | Became a worshipper of Vehumet
  2778 | D:4      | Reached skill level 4 in Conjurations
  2778 | D:4      | Reached skill level 5 in Fire Magic
  2905 | D:4      | Learned a level 2 spell: Blink
  3250 | D:5      | Entered Level 5 of the Dungeon
  3253 | D:5      | Reached XP level 6. HP: 32/32 MP: 11/15
  3277 | D:5      | Reached skill level 5 in Spellcasting
  3514 | D:5      | Found a snail-covered altar of Cheibriados.
  3826 | D:5      | Reached skill level 5 in Conjurations
  4255 | D:6      | Reached XP level 7. HP: 29/36 MP: 12/17
  4262 | D:6      | Learned a level 5 spell: Fireball
  4419 | D:6      | Reached skill level 6 in Fire Magic
  4477 | D:6      | Found a staircase to the Ecumenical Temple.
  5008 | D:6      | Reached skill level 6 in Spellcasting
  5008 | D:6      | Reached skill level 6 in Conjurations
  5168 | D:6      | Reached skill level 7 in Fire Magic
  5264 | D:6      | Reached XP level 8. HP: 41/41 MP: 16/19
  5284 | D:6      | Got a slimy quarterstaff
  5285 | D:6      | Identified the +6 quarterstaff of the Moth {crush, MR+ Int+4 Dex+2 SInv} (You found it on level 6 of the Dungeon)
  5491 | D:7      | Reached * piety under Vehumet
  5491 | D:7      | Offered knowledge of Sandblast by Vehumet.
  5627 | D:7      | Noticed a hippogriff
  5630 | D:7      | Noticed MDvedh's ghost (novice KoHu)
  5636 | D:7      | Killed a hippogriff
  5636 | D:7      | Reached skill level 7 in Conjurations
  5828 | D:7      | Reached skill level 7 in Spellcasting
  6084 | D:7      | Reached skill level 8 in Fire Magic
  6090 | D:7      | Found a sparkling altar of Nemelex Xobeh.
  6388 | D:7      | Killed MDvedh's ghost
  6388 | D:7      | Reached skill level 8 in Conjurations
  6388 | D:7      | Reached skill level 2 in Translocations
  6388 | D:7      | Reached XP level 9. HP: 14/45 MP: 11/22
  7167 | D:8      | Found a hazy altar of Hepliaklqana.
  7167 | D:8      | Found a white marble altar of Elyvilon.
  7251 | D:8      | Learned a level 3 spell: Inner Flame
  7255 | D:8      | Learned a level 3 spell: Mephitic Cloud
  7268 | D:8      | Reached skill level 9 in Fire Magic
  7351 | D:8      | Reached skill level 8 in Spellcasting
  7356 | D:8      | Offered knowledge of Freeze by Vehumet.
  7425 | D:8      | Reached ** piety under Vehumet
  7872 | D:9      | Reached skill level 9 in Conjurations
  7885 | D:9      | Found a flagged portal.
  7945 | Bailey   | Entered a bailey
  7949 | Bailey   | Noticed armaa's ghost (journeyman MiBe)
  7958 | Bailey   | Slain by armaa's ghost

Skill      XL: |  1  2  3  4  5  6  7  8  9 |
---------------+----------------------------+-----
Conjurations   | 2 3 4 5 6 8 9 |  9.1
Fire Magic     | 4 5 7 8 9 |  9.6
Spellcasting   | 4 5 6 7 8 |  8.4
Translocations | 2 |  2.0
Dodging        | |  2.4
Stealth        | |  2.4

Action                   |  1- 3 |  4- 6 |  7- 9 || total
-------------------------+-------+-------+-------++-------
Melee: Short sword       |    78 |   101 |     6 ||   185
       Quarterstaff      |       |       |    38 ||    38
 Cast: Flame Tongue      |    39 |    55 |   100 ||   194
       Conjure Flame     |     1 |     2 |    10 ||    13
       Sticky Flame      |       |     3 |    16 ||    19
       Fireball          |       |       |    13 ||    13
       Blink             |       |       |     2 ||     2
       Inner Flame       |       |       |     1 ||     1
  Use: Scroll            |       |     6 |     8 ||    14
       Potion            |       |       |     1 ||     1
 Stab: Sleeping          |     4 |     1 |       ||     5
       Distracted        |       |       |     1 ||     1
  Eat: Chunk             |     2 |     7 |    11 ||    20
       Royal jelly       |       |     1 |     2 ||     3
       Fruit             |       |       |     1 ||     1
Armor: Robe              |    20 |    23 |    13 ||    56
Dodge: Dodged            |    69 |    80 |    52 ||   201
